 Dungeon Crawl Stone Soup version 0.27-a0-1317-gd1140b374c (webtiles) character file.

Game seed: 12951716056280896467

116 Froggeryz the Chiller (level 4, -1/33 HPs)
             Began as a Demigod Ice Elementalist on June 21, 2021.
             Slain by a bullfrog zombie (4 damage)
             ... on level 4 of the Dungeon.
             The game lasted 00:03:17 (3050 turns).

Froggeryz the Chiller (Demigod Ice Elementalist)    Turns: 3050, Time: 00:03:18

Health: -1/33      AC:  4    Str:  9    XL:     4   Next: 43%
Magic:  10/10      EV: 12    Int: 21    God:
Gold:   36         SH:  0    Dex: 14    Spells: 4/8 levels left

rFire    + . .     SeeInvis .   l - +0 trident
rCold    + . .     Faith    .   (no shield)
rNeg     . . .     Spirit   .   a - +0 robe
rPois    +         Reflect  .   (no helmet)
rElec    +         Harm     .   h - +0 cloak
rCorr    +         Rampage  .   g - +0 pair of gloves
Will     .....                  (no boots)
Stlth    ++........             (no amulet)
HPRegen  0.11/turn              d - ring of wizardry
MPRegen  0.12/turn              (no ring)

@: resistant
A: high mp 1, forlorn
a: no special abilities


You were on level 4 of the Dungeon.
You visited 1 branch of the dungeon, and saw 4 of its levels.

You collected 36 gold pieces.

Inventory:

Hand Weapons
 l - a +0 trident (weapon)
Armour
 a - a +0 robe (worn)
 g - a +0 pair of gloves (worn)
 h - a +0 cloak (worn)
Jewellery
 d - a ring of wizardry (left hand)
Wands
 n - a wand of iceblast (13)
Scrolls
 b - a scroll of teleportation {unknown}
 f - a scroll of magic mapping {unknown}
 i - 3 scrolls of identify {unknown}
 j - a scroll of fog {unknown}
 k - a scroll of holy word {unknown}
Potions
 c - a potion of flight {unknown}
 m - a potion of resistance


   Skills:
 - Level 1.7 Dodging
 - Level 1.7 Stealth
 + Level 2.7 Spellcasting
 * Level 5.0 Ice Magic


You had 4 spell levels left.
You knew the following spells:

 Your Spells              Type           Power      Damage    Failure   Level
a - Freeze                Ice            96%        1d11      1%          1
b - Frozen Ramparts       Ice            48%        1d6       1%          3

Your spell library contained the following spells:

 Spells                   Type           Power      Damage    Failure   Level
 Ozocubu's Armour         Ice            24%        N/A       1%          3
 Hailstorm                Conj/Ice       13%        3d5       19%         4
 Metabolic Englaciation   Hex/Ice        6%         N/A       45%         5


Dungeon Overview and Level Annotations

Branches:
Dungeon (4/15)
 Temple: D:4-7


Innate Abilities, Weirdness & Mutations

Your attributes grow dramatically as you level up.
You have an increased reservoir of magic. (+10% MP)
You shall have no god before yourself.


Message History

The bullfrog zombie is lightly damaged.
The bullfrog zombie completely resists.
The wall freezes the bullfrog zombie but does no damage.
The bullfrog zombie closely misses you.
The bullfrog zombie completely resists.
The wall freezes the bullfrog zombie but does no damage.
The bullfrog zombie hits you.
You puncture the bullfrog zombie!
The bullfrog zombie is moderately damaged.
The bullfrog zombie completely resists.
The wall freezes the bullfrog zombie but does no damage.
The bullfrog zombie misses you.
You hit the bullfrog zombie.
The bullfrog zombie is heavily damaged.
The bullfrog zombie completely resists.
The wall freezes the bullfrog zombie but does no damage.
The bullfrog zombie hits you but does no damage.
The bullfrog zombie resists.
The wall freezes the bullfrog zombie.
The bullfrog zombie hits you.
You are too injured to fight recklessly!
You are too injured to fight recklessly!
You are too injured to fight recklessly!
You are too injured to fight recklessly!
You barely miss the bullfrog zombie.
The bullfrog zombie is heavily damaged.
The frozen ramparts melt away.
The bullfrog zombie hits you but does no damage.
The bullfrog zombie hits you.
You hit the bullfrog zombie.
The bullfrog zombie is severely damaged.
The bullfrog zombie hits you.
* * * LOW HITPOINT WARNING * * *
The bullfrog zombie hits you.
* * * LOW HITPOINT WARNING * * *
Okay, then.
It was a potion of resistance.
You feel protected. The bullfrog zombie barely misses you.
It was a potion of magic.
Magic courses through your body. The bullfrog zombie hits you.
You die...

### #.. #.#
#.# ..#####.#
#......Z#
######.@#
#..## ##..#<#
##.....#
##..#.......
##..##.#..#..
#
#..#...##....
#. ###.##.###
#.##
#.##......#
.#


You could see a bullfrog zombie.

Vanquished Creatures
  Crazy Yiuf (D:2)
  3 adders
  An adder skeleton (D:4)
  An orc (D:3)
  4 bats
  3 endoplasms
  A giant cockroach (D:2)
  8 goblins
  9 hobgoblins
  3 quokkas
  7 ball pythons
  6 frilled lizards
  3 kobolds
  5 rats
55 creatures vanquished.

Vanquished Creatures (others)
  A fungus (D:2)
1 creature vanquished.

Grand Total: 56 creatures vanquished

Notes
Turn   | Place    | Note
-------+----------+-------------------------------------------
     0 | D:1      | Froggeryz the Demigod Ice Elementalist began the quest for
                  | the Orb.
     0 | D:1      | Reached XP level 1. HP: 14/14 MP: 5/5
   469 | D:1      | Reached XP level 2. HP: 20/20 MP: 5/7
   540 | D:1      | Reached skill level 4 in Ice Magic
  1594 | D:2      | Reached XP level 3. HP: 21/26 MP: 6/9
  2109 | D:2      | Learned a level 3 spell: Frozen Ramparts
  2123 | D:2      | Found a runed translucent door.
  2124 | D:2      | Noticed Crazy Yiuf
  2144 | D:2      | Killed Crazy Yiuf
  2306 | D:3      | Reached XP level 4. HP: 33/33 MP: 5/10
  2928 | D:4      | Reached skill level 5 in Ice Magic
  3050 | D:4      | Slain by a bullfrog zombie

Illustrated notes

Levels and vault maps discovered:
D:1:      lightli_arrival_noodles, layout_loops_ring,
          shapermc_ecumenical_altar_mp_vishouse
D:2:      layout_loops_ring, st_stairs_3, uniq_crazy_yiuf_cottage
D:3:      layout_basic, lemuel_coloured_pillars_altar, kennysheep_generic_room_7
D:4:      layout_rooms, uniq_ijyb

Skill      XL: |  1  2  3  4 |
---------------+-------------+-----
Spellcasting   | 2 |  2.7
Ice Magic      | 4 5 |  5.0
Dodging        | |  1.7
Stealth        | |  1.7

Action                   |  1- 3 |  4- 6 || total
-------------------------+-------+-------++-------
Melee: Unarmed           |    11 |     3 ||    14
       Trident           |       |    13 ||    13
 Cast: Freeze            |    60 |    13 ||    73
       Frozen Ramparts   |     1 |     4 ||     5
  Use: Potion            |       |     2 ||     2
 Stab: Sleeping          |     2 |       ||     2
Armor: Robe              |    12 |     8 ||    20
Dodge: Dodged            |    29 |    10 ||    39

Table legend: (Time is in decaauts)
 A = Elapsed time spent in this place.
 B = Non-inter-level travel time spent in this place.
 C = Inter-level travel time spent in this place.
 D = Time resting spent in this place.
 E = Time spent auto-exploring this place.
 F = Levels seen in this place.
 G = Mean time per level.
                   A        B        C        D        E       F      G
               +--------+--------+--------+--------+--------+-----+--------+
         Total |   3052 |   2880 |    172 |      0 |   2494 |   4 |  763.0 |
       Dungeon |   3052 |   2880 |    172 |      0 |   2494 |   4 |  763.0 |
               +--------+--------+--------+--------+--------+-----+--------+

Top non-repeatable levels by time:
     D:2: 1204 daAuts
     D:1: 1023 daAuts
     D:3: 693 daAuts
     D:4: 131 daAuts
